 Dungeon Crawl Stone Soup version 0.31-a0-986-g5e6e4ef867 (webtiles) character file.

Game seed: 9287944016660454457

1392 IdlyInterested the Trooper (level 8, -3/67 HPs)
             Began as a Demonspawn Fighter on Nov 15, 2023.
             Slain by a gnoll sergeant
             ... wielding a +0 trident of flaming
              (6 damage)
             ... on level 5 of the Dungeon.
             The game lasted 00:15:58 (5428 turns).

IdlyInterested the Trooper (Demonspawn Fighter)     Turns: 5428, Time: 00:15:58

Health: -3/67      AC:  7    Str: 18    XL:     8   Next: 41%
Magic:  8/8        EV: 12    Int: 10    God:
Gold:   193        SH:  6    Dex: 19    Spells: 7/7 levels left

rFire   . . .        z - +3 dagger
rCold   . . .        b - +0 buckler
rNeg    . . .        c - +2 leather armour {rPois}
rPois   +            B - +0 helmet
rElec   .            (no cloak)
rCorr   .            (no gloves)
SInv    .            k - +0 pair of boots
Will    .....        (no amulet)
Stlth   +++          r - ring of poison resistance
HPRegen 0.31/turn    A - +6 ring of dexterity
MPRegen 0.11/turn

%: no passive effects
@: brilliant
A: thin skeletal structure 1, demonic guardian 1, weakness stinger 1, clumsy 1
a: no special abilities


You were on level 5 of the Dungeon.
You visited 1 branch of the dungeon, and saw 5 of its levels.

You collected 193 gold pieces.

Inventory:

Hand Weapons
 e - a +0 short sword
 p - a +2 broad axe of freezing
 z - a +3 dagger (weapon)
Missiles
 f - 49 stones (quivered)
 n - 6 poisoned darts
 y - 6 boomerangs
Armour
 b - a +0 buckler (worn)
 c - a +2 leather armour of poison resistance (worn)
 k - a +0 pair of boots (worn)
 l - a +0 plate armour
 B - a +0 helmet (worn)
Jewellery
 r - a ring of poison resistance (left hand)
 A - a +6 ring of dexterity (right hand)
Scrolls
 a - a scroll of fear {unknown}
 h - a scroll of teleportation
 j - 2 scrolls of vulnerability
 m - a scroll of fog
 q - a scroll of enchant weapon
 v - 2 scrolls of immolation
 w - a scroll of amnesia {unknown}
 x - a scroll of poison {unknown}
Potions
 g - a potion of mutation
 i - a potion of magic
 o - a potion of attraction


   Skills:
 * Level 7.4 Fighting
 + Level 2.0 Throwing
 - Level 3.0 Armour
 - Level 3.0 Dodging
 - Level 3.0 Stealth
 * Level 5.5 Shields
 - Level 1.7 Unarmed Combat
 - Level 1.0 Evocations


You had 7 spell levels left.
You didn't know any spells.
Your spell library contained the following spells:

 Spells                   Type           Power      Damage    Failure   Level
 Kiss of Death            Conj/Necr      0%         2d5       50%         1
 Confusing Touch          Hex            0%         N/A       86%         3
 Volatile Blastmotes      Fire/Tloc      0%         2d10      86%         3
 Dispel Undead            Necr           0%         3d6       99%         4
 Fulminant Prism          Conj/Hex       0%         3d5       99%         4
 Iskenderun's Mystic Bla  Conj/Tloc      0%         2d3       99%         4
 Alistair's Intoxication  Tmut/Pois      0%         N/A       100%        5
 Borgnjor's Vile Clutch   Necr/Erth      0%         N/A       100%        5
 Eringya's Noxious Bog    Tmut/Pois      0%         4d6       100%        6


Dungeon Overview and Level Annotations

Branches:
Dungeon (5/15)
 Temple: D:4-7

Altars:


Innate Abilities, Weirdness & Mutations

You have a somewhat thin skeletal structure. (Dex +2, Stealth+)
A weak demonic guardian rushes to your aid.
You have a small tail.
You are clumsy. (Dex -2)


Message History

The phantom closely misses you.
The gnoll hits you from afar with a +0 spear.
You hit the phantom but do no damage.
The phantom is moderately damaged.
The gnoll sergeant misses you. The gnoll hits you but does no damage.
The gnoll hits you from afar with a +0 spear.
The phantom hits you.
The gnoll hits you from afar with a +0 spear.
You hit the phantom.
The phantom is heavily damaged.
You block the gnoll sergeant's attack. The gnoll hits you with a +0 whip.
The gnoll closely misses you. You block the phantom's attack.
Your iron imp hits the gnoll sergeant!
The gnoll hits you but does no damage.
You barely miss the phantom.
Your tail-slap misses the phantom.
The phantom is heavily damaged.
The gnoll sergeant hits you from afar with a +0 trident of flaming!
The gnoll sergeant burns you!
* * * LOW HITPOINT WARNING * * *
The gnoll barely misses you. x2; The phantom closely misses you.
The gnoll hits you from afar with a +0 spear.
* * * LOW HITPOINT WARNING * * *
Your iron imp hits the gnoll sergeant but does no damage.
You hit the phantom but do no damage. You tail-slap the phantom.
The phantom is heavily damaged.
The gnoll sergeant barely misses you. The gnoll closely misses you.
The gnoll hits you but does no damage. You block the phantom's attack.
The gnoll barely misses you.
Your iron imp completely misses the gnoll sergeant.
You hit the phantom. You tail-slap the phantom.
The phantom is severely damaged.
The gnoll sergeant hits you from afar with a +0 trident of flaming!
* * * LOW HITPOINT WARNING * * *
The gnoll sergeant burns you.
* * * LOW HITPOINT WARNING * * *
You block the gnoll's attack. The gnoll barely misses you.
The phantom completely misses you. The gnoll misses you.
You hit the phantom.
Your tail-slap misses the phantom.
The phantom is severely damaged.
The gnoll sergeant hits you from afar with a +0 trident of flaming.
You die...

...# ...# ### ...##.
### #.# ..##...
##.#####.##
.......###...##....#
.......#......#...##
............^.#..###
......#............###
....###........W@....#
.................g.###
.....##........ggg5##
.....###............#
......#..........#..#
####............##.##
# #..............##
##.##............##
...##...........##


You could see a phantom, a gnoll sergeant (ally target), 3 gnolls and a friendly
iron imp (summoned).

Vanquished Creatures
  Sigmund (D:4)
  2 black bears
  An ogre (D:5)
  A centaur (D:4)
  2 scorpions (D:5)
  4 hounds
  A jelly (D:5)
  2 iguanas (D:5)
  6 adders
  2 gnolls (D:5)
  A shadow imp (D:5)
  A worm (D:2)
  4 dart slugs
  An orc (D:5)
  6 ball pythons
  3 endoplasms
  A giant cockroach (D:3)
  7 hobgoblins
  9 quokkas
  5 bats
  2 frilled lizards
  5 goblins
  6 kobolds
  A quokka zombie (D:2)
  5 rats
79 creatures vanquished.

Vanquished Creatures (collateral kills)
  Edmund (D:4)
  An ice beast (D:5)
  Pargi (D:4)
  A scorpion (D:4)
  An iguana (D:5)
  2 gnolls (D:5)
  A white imp (D:5)
  An endoplasm (D:4)
  2 kobolds (D:4)
11 creatures vanquished.

Grand Total: 90 creatures vanquished

Notes
Turn   | Place    | Note
-------+----------+-------------------------------------------
     0 | D:1      | IdlyInterested the Demonspawn Fighter began the quest for
                  | the Orb.
     0 | D:1      | Reached XP level 1. HP: 18/18 MP: 1/1
    18 | D:1      | Found a faded altar of an unknown god.
   193 | D:1      | Gained mutation: You have a somewhat thin skeletal
                  | structure. (Dex +2, Stealth+) [demonic ancestry]
   193 | D:1      | Reached XP level 2. HP: 20/24 MP: 2/2
   452 | D:1      | Reached skill level 1 in Throwing
   961 | D:2      | Reached skill level 1 in Dodging
   961 | D:2      | Reached XP level 3. HP: 27/29 MP: 3/3
  1013 | D:2      | Reached skill level 1 in Stealth
  1353 | D:2      | Reached skill level 1 in Evocations
  1353 | D:2      | Reached XP level 4. HP: 37/37 MP: 4/4
  1789 | D:3      | Reached skill level 4 in Fighting
  2228 | D:3      | Gained mutation: You are clumsy. (Dex -2) [potion of
                  | mutation]
  2492 | D:3      | Gained mutation: A weak demonic guardian rushes to your
                  | aid. [demonic ancestry]
  2492 | D:3      | Reached XP level 5. HP: 43/43 MP: 5/5
  2870 | D:4      | Noticed a centaur
  2896 | D:4      | Killed a centaur
  3156 | D:4      | Reached skill level 5 in Fighting
  3156 | D:4      | Gained mutation: You have a small tail. [demonic ancestry]
  3156 | D:4      | Reached XP level 6. HP: 31/51 MP: 6/6
  3301 | D:4      | Noticed Sigmund
  3332 | D:4      | Killed Sigmund
  3485 | D:4      | Noticed Edmund
  3502 | D:4      | Killed Edmund
  3503 | D:4      | Reached XP level 7. HP: 21/57 MP: 7/7
  3658 | D:4      | Noticed Pargi
  3696 | D:4      | Killed Pargi
  3697 | D:4      | Reached skill level 6 in Fighting
  4416 | D:5      | Entered Level 5 of the Dungeon
  4718 | D:5      | Reached XP level 8. HP: 65/65 MP: 8/8
  4776 | D:5      | Reached skill level 7 in Fighting
  4776 | D:5      | Reached skill level 5 in Shields
  5427 | D:5      | HP: 3/67 [gnoll sergeant/+0 trident of flaming (3)]
  5428 | D:5      | Slain by a gnoll sergeant

Illustrated notes

Levels and vault maps discovered:
D:1:      scummos_arrival_simple_fountains, layout_basic,
          hellmonk_ecumenical_altar_zigzags, bh_walls_and_bars
D:2:      layout_loops_ring, basic_altar, serial_undead, serial_undead_b,
          serial_undead_c, serial_undead_c, serial_undead_b, minivault_11
D:3:      layout_loops_ring, serial_aquarium, aquarium_bridge_long_joined
          [aquarium_subvault_window, aquarium_subvault_window,
          aquarium_subvault_window, aquarium_subvault_bridge,
          aquarium_subvault_wall, aquarium_subvault_wall],
          aquarium_bridge_square [aquarium_subvault_wall,
          aquarium_subvault_bridge, aquarium_subvault_wall,
          aquarium_subvault_bridge], aquarium_window_fake,
          aquarium_window_corner, aquarium_view_2e, grunt_ministairs_10,
          small_statue_intersection
D:4:      layout_basic, uniq_pargi, uniq_sigmund, uniq_edmund
D:5:      layout_cave_pools

Skill      XL: |  1  2  3  4  5  6  7  8 |
---------------+-------------------------+-----
Armour         | 3 |  3.0
Throwing       | 1 2 |  2.0
Dodging        | 1 3 |  3.0
Stealth        | 1 2 3 |  3.0
Evocations     | 1 |  1.0
Fighting       | 4 5 6 7 |  7.4
Shields        | 3 4 5 |  5.5
Unarmed Combat | |  1.7

Action                     |  1- 3 |  4- 6 |  7- 9 || total
---------------------------+-------+-------+-------++-------
  Melee: Unarmed           |   172 |   170 |    16 ||   358
         Dagger            |       |    23 |   167 ||   190
         Tailslap          |       |     7 |    34 ||    41
  Throw: Stone             |     4 |       |    18 ||    22
         Dart              |       |     1 |     8 ||     9
    Use: Potion            |     2 |     4 |     3 ||     9
         Scroll            |     1 |     3 |     1 ||     5
   Stab: Sleeping          |     2 |       |     2 ||     4
         Distracted        |       |       |     2 ||     2
 Armour: Scale mail        |    86 |       |       ||    86
         Chain mail        |     9 |   124 |       ||   133
         Leather armour    |       |    10 |   137 ||   147
  Dodge: Dodged            |    70 |    73 |   143 ||   286
  Block: Buckler           |    28 |    45 |    58 ||   131

Table legend: (Time is in decaauts)
 A = Elapsed time spent in this place.
 B = Non-inter-level travel time spent in this place.
 C = Inter-level travel time spent in this place.
 D = Time resting spent in this place.
 E = Time spent auto-exploring this place.
 F = Levels seen in this place.
 G = Mean time per level.
                   A        B        C        D        E       F      G
               +--------+--------+--------+--------+--------+-----+--------+
         Total |   5415 |   4921 |    494 |   1145 |   2377 |   5 | 1083.0 |
       Dungeon |   5415 |   4921 |    494 |   1145 |   2377 |   5 | 1083.0 |
               +--------+--------+--------+--------+--------+-----+--------+

Top non-repeatable levels by time:
     D:4: 1460 daAuts
     D:3: 1068 daAuts
     D:5: 1014 daAuts
     D:2: 937 daAuts
     D:1: 934 daAuts
